 Dungeon Crawl Stone Soup version 0.32-a0-918-g0f22ef8d61 (webtiles) character file.

Game seed: 17139141494327113501

13029 Aston the Bludgeoner (level 11, -13/106 HPs)
             Began as a Mountain Dwarf Reaver on Apr 10, 2024.
             Was a Believer of Yredelemnul.
             Killed from afar by a tengu reaver (49 damage)
             ... with a bolt of poison
             ... on level 11 of the Dungeon.
             The game lasted 00:38:42 (10889 turns).

Aston the Bludgeoner (Mountain Dwarf Reaver)       Turns: 10889, Time: 00:38:44

Health: -13/106    AC: 17    Str: 22    XL:     11   Next: 70%
Magic:  18/18      EV: 28    Int: 15    God:    Yredelemnul [**....]
Gold:   529        SH:  0    Dex:  8    Spells: 8/13 levels left

rFire   x . .        a - +4 morningstar (freeze)
rCold   + . .        (no shield)
rNeg    + . .        A - +7 ring mail of Minor Irritation {^Contam Rampage rN+ Str+4}
rPois   .            v - +0 helmet
rElec   .            E - +1 cloak of Starlight {*Dazzle EV+4 Stlth--}
rCorr   .            (no gloves)
SInv    .            m - +1 pair of boots
Will    +....        z - amulet of the acrobat Stlth
                     B - ring of wizardry
HPRegen 0.37/turn    o - ring of ice
MPRegen 0.16/turn

%: acrobat, rampage, wizardry (x1)
@: lethally poisoned (-13 -> -34), acrobatic, wreathed by umbra
A: runic magic, artefact enchanting
a: Renounce Religion, Light the Black Torch, Recall Undead Harvest, Hurl
Torchlight


You were on level 11 of the Dungeon.
You worshipped Yredelemnul.
Yredelemnul was aware of your devotion.
You visited 2 branches of the dungeon, and saw 12 of its levels.
You also visited: Bailey.

You collected 529 gold pieces.

Inventory:

Hand Weapons
 a - a +4 morningstar of freezing (weapon)
 x - a +2 short sword of venom
 F - a +0 mace
Missiles
 f - 84 stones
 y - 29 poisoned darts (quivered)
Armour
 b - a +0 leather armour
 g - a scarf of resistance
 h - a +0 pair of boots
 m - a +1 pair of boots (worn)
 q - a +0 ring mail
 v - a +0 helmet (worn)
 A - the +7 ring mail of Minor Irritation (worn) {^Contam Rampage rN+ Str+4}
   (You found it on level 4 of the Dungeon)

   Str+4:     It affects your strength (+4).
   rN+:       It protects you from negative energy.
   ^Contam:   It causes magical contamination when unequipped.
   Rampage:   It bestows one free step when moving towards enemies.
 E - the +1 cloak of Starlight (worn) {*Dazzle EV+4 Stlth--}
   (You acquired it on level 8 of the Dungeon)

   *Dazzle:   It may blind those who miss an attack against the wearer in melee
   combat.
   EV+4:      It affects your evasion (+4).
   Stlth--:   It makes you much less stealthy.
Magical Staves
 d - a staff of conjuration
Jewellery
 o - a ring of ice (right hand)
 z - an amulet of the acrobat (around neck)
 B - a ring of wizardry (left hand)
 H - a ring of magical power
 P - an amulet of regeneration
 Q - a ring of resist corrosion
 R - a ring of magical power
Wands
 C - a wand of flame (33)
 I - a wand of digging (1)
 K - a wand of mindburst (7)
Scrolls
 j - a scroll of blinking {unknown}
 p - 4 scrolls of teleportation
 t - 6 scrolls of immolation
 D - 2 scrolls of vulnerability {unknown}
 G - a scroll of fog {unknown}
 M - a scroll of enchant weapon {unknown}
 N - 2 scrolls of amnesia {unknown}
 O - 3 scrolls of poison
Potions
 c - 2 potions of attraction
 e - a potion of berserk rage {unknown}
 i - a potion of mutation
 k - 3 potions of curing
 l - a potion of enlightenment
 n - 3 potions of resistance
 r - 4 potions of haste
 s - 4 potions of brilliance
 u - 4 potions of lignification
 w - a potion of cancellation
 J - a potion of magic {unknown}
 L - 2 potions of heal wounds


   Skills:
 * Level 12.8 Fighting
 + Level 15.2 Maces & Flails
 - Level 1.3 Dodging
 - Level 1.7 Spellcasting
 - Level 2.6 Conjurations
 - Level 2.3 Translocations
 + Level 9.8 Invocations


You had 8 spell levels left.
You knew the following spells:

 Your Spells              Type           Power      Damage    Failure   Level
a - Kiss of Death         Conj/Necr      20%        2d7       6%          1
b - Momentum Strike       Conj/Tloc      16%        3d8       6%          2
c - Blink                 Tloc           16%        N/A       6%          2

Your spell library contained the following spells:

 Spells                   Type           Power      Damage    Failure   Level
 Shock                    Conj/Air       20%        1d4       6%          1
 Lesser Beckoning         Tloc           16%        N/A       6%          2
 Hailstorm                Conj/Ice       8%         3d5       17%         3
 Summon Ice Beast         Ice/Summ       1%         N/A       28%         3
 Swiftness                Air            1%         N/A       28%         3
 Airstrike                Air            0%         2d(1-17)  65%         4
 Permafrost Eruption      Ice/Erth       0%         2x4d1     100%        6
 Sculpt Simulacrum        Ice/Alch       0%         N/A       100%        6


Dungeon Overview and Level Annotations

Branches:
Dungeon (11/15)            Temple (1/1) D:7            Lair (0/5) D:8
    Orc (0/2) D:11         Bailey (visited)

Altars:
Ashenzari
Cheibriados
Dithmenos
Elyvilon
Fedhas
Gozag
Hepliaklqana
Kikubaaqudgha
Makhleb
Nemelex Xobeh
Okawaru
Qazlal
Ru
Sif Muna
Trog
Uskayaw
Vehumet
Wu Jian
Xom
Yredelemnul
Zin
The Shining One

Shops:
D:4 *

Annotations:
D:4 3 runed translucent doors, Konar's ghost, amateur CoHu
D:5 2 transporters
D:10 3 runed translucent doors, Autsider's ghost, journeyman MDSu; Konar's ghost, journeyman CoHu; Returnofthet's ghost, novice TrSh
D:11 exclusion: 2 doors


Innate Abilities, Weirdness & Mutations

Your spellcasting is much less encumbered by armour.
You can use scrolls of enchantment on lesser artefacts.


Message History

Their soul becomes fuel for the torch.
The cyclops throws a large rock.
The large rock closely misses you. The large rock hits your troll zombie!!
Your troll zombie is destroyed!
You rampage towards the cyclops!
You hit the cyclops but do no damage. You bludgeon the cyclops!!
You freeze the cyclops.
The cyclops is heavily wounded.
The cyclops completely misses you.
You thump the cyclops! You freeze the cyclops.
The cyclops is almost dead.
You hit the cyclops. You freeze the cyclops.
You kill the cyclops!
Their soul becomes fuel for the torch.
You bludgeon the two-headed ogre!! You freeze the two-headed ogre.
The two-headed ogre is heavily wounded.
You sock the two-headed ogre! You freeze the two-headed ogre.
The two-headed ogre is severely wounded.
The two-headed ogre hits you with a +0 giant club!
The two-headed ogre hits you but does no damage.
You puncture the two-headed ogre! You freeze the two-headed ogre.
You kill the two-headed ogre!
Their soul becomes fuel for the torch.
You bludgeon the tengu reaver!! You freeze the tengu reaver!
The tengu reaver is heavily wounded.
The tengu reaver hits you with a +0 great sword!
The tengu reaver pecks you but does no damage.
The tengu reaver claws you.
You closely miss the tengu reaver.
The tengu reaver is heavily wounded.
The tengu reaver hits you with a +0 great sword!!
The tengu reaver closely misses you.
The tengu reaver claws you but does no damage.
You swap places.
The tengu reaver points at you and mumbles some strange words.
The bolt of poison hits your cyclops zombie.
Your cyclops zombie completely resists.
The bolt of poison hits you!!!
You are poisoned.
You die...
Your body rises from the dead as a mindless zombie. # #.OC# .CQ

# #...# .O.c #
..... ....$
##########
#..⌠..## ....##
....Z.Z..#
.......# ....!
#######Z## ..#
#.# ..
#.############'#
#........Z@ZQc.#
################


You could see a tengu reaver (repels missiles, ally target), a centaur warrior,
a friendly black mamba zombie and a friendly cyclops zombie.

Vanquished Creatures
  2 two-headed ogres (D:11)
  3 cyclopes (D:11)
  A black mamba (shapeshifter) (D:11)
  A komodo dragon (D:11)
  A troll (D:11)
  10 yaks
  A wraith (D:11)
  2 wyverns
  Grum (D:9)
  4 vampires
  2 steam dragons
  2 acid dragons (D:11)
  A water moccasin (D:7)
  5 orc warriors
  A black bear (D:5)
  An ice beast (D:6)
  3 wolves
  An ogre (D:6)
  2 centaurs
  A kobold brigand (D:10)
  3 bullfrogs
  2 scorpions (D:5)
  12 wights
  A killer bee (D:11)
  5 howler monkeys
  A jelly (D:7)
  6 orc priests
  4 hounds
  2 sleepcaps
  3 iguanas
  5 orc wizards
  5 gnolls (Bailey)
  5 adders
  A white imp (D:7)
  3 ufetubi
  A dart slug (D:1)
  A ribbon worm (D:2)
  35 orcs
  3 bats
  7 endoplasms
  A giant cockroach (D:2)
  12 goblins
  11 hobgoblins
  4 jackals (D:1)
  3 quokkas
  3 ball pythons
  3 frilled lizards
  11 kobolds
  3 rats (D:2)
201 creatures vanquished.

Vanquished Creatures (collateral kills)
  A yaktaur captain (D:11)
  A two-headed ogre (D:10)
  A hornet (D:11)
  A wraith (D:9)
  A basilisk (D:11)
  11 yaks
  A wolf (D:9)
  A centaur (D:11)
  A gnoll sergeant (D:10)
  A wight (D:7)
  A hound (D:7)
  An ufetubus (D:7)
  An orc (D:8)
  A hobgoblin (Bailey)
  A kobold (D:10)
25 creatures vanquished.

Vanquished Creatures (others)
  A two-headed ogre zombie (D:11)
  A wyvern zombie (D:8)
  A yak zombie (D:9)
  A troll zombie (D:11)
  A wolf zombie (D:8)
  6 orc zombies
  3 gnoll zombies (Bailey)
  3 goblin zombies (Bailey)
  2 hobgoblin zombies (Bailey)
19 creatures vanquished.

Grand Total: 245 creatures vanquished

Notes
Turn   | Place    | Note
-------+----------+-------------------------------------------
     0 | D:1      | Aston the Mountain Dwarf Reaver began the quest for the
                  | Orb.
     0 | D:1      | Reached XP level 1. HP: 17/17 MP: 3/3
    63 | D:1      | Reached skill level 4 in Maces & Flails
   200 | D:1      | Reached XP level 2. HP: 22/22 MP: 4/4
   786 | D:1      | Reached skill level 5 in Maces & Flails
   813 | D:1      | Found a faded altar of an unknown god.
  1034 | D:2      | Identified the +0 robe "Hero's Friend" {-Cast rC+ Slay+2
                  | SInv}
  1052 | D:2      | Reached XP level 3. HP: 27/29 MP: 5/5
  1856 | D:3      | Identified the +2 dagger "Omokh" {venom, *Noise rElec MP-9
                  | Stlth+}
  1917 | D:3      | Reached skill level 6 in Maces & Flails
  1917 | D:3      | Reached XP level 4. HP: 33/35 MP: 6/6
  2944 | D:4      | HP: 1/26 [orc/+0 mace (2)]
  3171 | D:4      | Reached skill level 7 in Maces & Flails
  3171 | D:4      | Reached XP level 5. HP: 32/33 MP: 7/7
  3187 | D:4      | Found a runed translucent gate.
  3188 | D:4      | Found a runed translucent gate.
  3188 | D:4      | Found an opulent altar of Gozag.
  3194 | D:4      | Found a runed translucent gate.
  3196 | D:4      | Noticed Konar's ghost (amateur CoHu)
  3196 | D:4      | Noticed a water moccasin
  3205 | D:4      | Identified the +7 ring mail of Minor Irritation {^Contam
                  | Rampage rN+ Str+4}
  3229 | D:4      | Found Xauloit's General Store.
  3504 | D:5      | Entered Level 5 of the Dungeon
  3671 | D:5      | Found a transporter.
  3713 | D:5      | Found a transporter.
  3716 | D:5      | Noticed a black bear
  3744 | D:5      | Killed a black bear
  3745 | D:5      | Reached skill level 8 in Maces & Flails
  3830 | D:5      | Reached XP level 6. HP: 30/44 MP: 5/8
  4126 | D:5      | Reached skill level 9 in Maces & Flails
  4456 | D:6      | Noticed a steam dragon
  4488 | D:6      | Killed a steam dragon
  4489 | D:6      | Reached skill level 10 in Maces & Flails
  4489 | D:6      | Reached XP level 7. HP: 47/55 MP: 9/9
  4521 | D:6      | Identified the +0 scale mail of Naacsij {-Tele Harm Str+3
                  | Dex+4}
  4545 | D:6      | Noticed a steam dragon
  4621 | D:5      | Killed a steam dragon
  4664 | D:6      | Reached skill level 11 in Maces & Flails
  4762 | D:6      | Found a hazy altar of Hepliaklqana.
  5055 | D:5      | Reached XP level 8. HP: 54/60 MP: 10/10
  5362 | D:6      | Reached skill level 12 in Maces & Flails
  5373 | D:6      | Learned a level 2 spell: Momentum Strike
  5376 | D:6      | Learned a level 2 spell: Blink
  5636 | D:6      | Reached skill level 1 in Translocations
  5663 | D:7      | Found a glowing silver altar of Zin.
  5910 | D:7      | Found a staircase to the Ecumenical Temple.
  5944 | Temple   | Entered the Ecumenical Temple
  5954 | Temple   | Became a worshipper of Yredelemnul the Fallen
  6183 | D:7      | Reached skill level 5 in Fighting
  6376 | D:7      | Reached XP level 9. HP: 74/74 MP: 11/11
  6593 | D:8      | Reached skill level 1 in Invocations
  6916 | D:8      | Found a staircase to the Lair.
  7078 | D:8      | Found a burning altar of Makhleb.
  7081 | D:8      | Found an ancient bone altar of Kikubaaqudgha.
  7083 | D:8      | Found a sacrificial altar of Ru.
  7084 | D:8      | Found a glowing golden altar of the Shining One.
  7085 | D:8      | Found a sparkling altar of Nemelex Xobeh.
  7191 | D:8      | Found a flagged portal.
  7213 | Bailey   | Entered a bailey
  7303 | Bailey   | Reached skill level 13 in Maces & Flails
  7553 | Bailey   | Noticed an orc knight
  7553 | Bailey   | Noticed an orc knight
  7554 | Bailey   | Reached * piety under Yredelemnul
  7582 | D:8      | Acquired the +1 cloak of Starlight {*Dazzle EV+4 Stlth--}
  7582 | D:8      | Found the +1 cloak of Starlight {*Dazzle EV+4 Stlth--}
  8081 | D:9      | Reached skill level 5 in Invocations
  8089 | D:9      | Reached XP level 10. HP: 88/90 MP: 12/14
  8270 | D:9      | Found an iron altar of Okawaru.
  8282 | D:9      | Noticed Grum
  8289 | D:9      | Killed Grum
  8762 | D:10     | Entered Level 10 of the Dungeon
  8806 | D:10     | Reached skill level 14 in Maces & Flails
  8806 | D:10     | Found an iron altar of Okawaru.
  8809 | D:10     | Reached skill level 10 in Fighting
  9154 | D:10     | Reached ** piety under Yredelemnul
  9277 | D:10     | Found a shimmering altar of Xom.
  9277 | D:10     | Noticed a two-headed ogre
  9282 | D:10     | Killed a two-headed ogre
  9283 | D:10     | Reached XP level 11. HP: 102/102 MP: 15/17
  9510 | D:10     | Found a runed translucent gate.
  9510 | D:10     | Found a runed translucent gate.
  9511 | D:10     | Found a runed translucent gate.
  9512 | D:10     | Noticed Konar's ghost (journeyman CoHu)
  9512 | D:10     | Noticed Returnofthet's ghost (novice TrSh)
  9512 | D:10     | Noticed Autsider's ghost (journeyman MDSu)
  9988 | D:11     | Noticed a two-headed ogre
 10053 | D:11     | Killed a two-headed ogre
 10381 | D:11     | Noticed a two-headed ogre
 10409 | D:11     | Noticed a yaktaur captain
 10414 | D:11     | Killed a yaktaur captain
 10482 | D:11     | Reached skill level 15 in Maces & Flails
 10529 | D:11     | Found a staircase to the Orcish Mines.
 10598 | D:11     | Noticed a centaur warrior
 10601 | D:11     | Noticed an ogre mage
 10601 | D:11     | Noticed a tengu reaver
 10885 | D:11     | Killed a two-headed ogre
 10889 | D:11     | Killed from afar by a tengu reaver

Illustrated notes

Levels and vault maps discovered:
D:1:      mainiacjoe_arrival_oval_in_oval, layout_loops_ring,
          hellmonk_ecumenical_altar_crossroads
D:2:      layout_loops_ring
D:3:      layout_basic
D:4:      layout_basic, ebering_ghost_gozag, serial_shops,
          nicolae_shop_advertising_works [nicolae_subvault_shop_adworks],
          grunt_decor_resistance
D:5:      gammafunk_cloud_chamber, layout_basic
D:6:      layout_rooms, nzn_hepliaklqana_mist_gate
D:7:      layout_basic, mainiacjoe_overflow_chevrons, temple_doors_e
D:8:      layout_basic, grunt_temple_overflow_open, erik_lair_orcish_takeover,
          enter_bailey_5
D:9:      layout_small_grid, mainiacjoe_overflow_catwalk, uniq_grum
D:10:     layout_layer_cave, gammafunk_ghost_cemetery, hangedman_feature_mirror
D:11:     layout_loops_ring, orc_0_dummy, nicolae_rejected_hall
Temple:   nicolae_temple_two_arcs

Skill      XL: |  1  2  3  4  5  6  7  8  9 10 11 |
---------------+----------------------------------+-----
Maces & Flails | 4 5 6 7 8 10 11 12 13 14 15 | 15.2
Fighting       | 5 8 11 12 | 12.8
Translocations | 2 |  2.3
Invocations    | 5 8 9 |  9.8
Dodging        | |  1.3
Spellcasting   | |  1.7
Conjurations   | |  2.6

Action                     |  1- 3 |  4- 6 |  7- 9 | 10-12 || total
---------------------------+-------+-------+-------+-------++-------
  Melee: Mace              |   150 |   160 |    82 |       ||   392
         Short sword       |       |     7 |       |     3 ||    10
         War axe           |       |       |    32 |       ||    32
         Flail             |       |       |    31 |       ||    31
         Morningstar       |       |       |   152 |   143 ||   295
  Throw: Dart              |       |     5 |     9 |     1 ||    15
   Cast: Kiss of Death     |     2 |     3 |       |       ||     5
         Momentum Strike   |       |       |     3 |       ||     3
 Invoke: Light the Black T |       |       |     3 |     2 ||     5
  Evoke: Wand              |       |       |     5 |     2 ||     7
    Use: Potion            |       |     3 |     2 |       ||     5
         Scroll            |       |    12 |     1 |     1 ||    14
   Stab: Invisible         |       |       |       |     3 ||     3
 Armour: Leather armour    |    74 |       |       |       ||    74
         Ring mail         |    15 |   129 |   221 |    58 ||   423
  Dodge: Dodged            |    91 |    94 |   220 |   106 ||   511

Table legend: (Time is in decaauts)
 A = Elapsed time spent in this place.
 B = Non-inter-level travel time spent in this place.
 C = Inter-level travel time spent in this place.
 D = Time resting spent in this place.
 E = Time spent auto-exploring this place.
 F = Levels seen in this place.
 G = Mean time per level.
                   A        B        C        D        E       F      G
               +--------+--------+--------+--------+--------+-----+--------+
         Total |  10852 |  10340 |    512 |   1950 |   5669 |  13 |  834.8 |
       Dungeon |  10469 |   9966 |    503 |   1809 |   5648 |  11 |  951.7 |
        Temple |     26 |     17 |      9 |      0 |      0 |   1 |   26.0 |
        Bailey |    356 |    356 |      0 |    141 |     21 |   1 |  356.0 |
               +--------+--------+--------+--------+--------+-----+--------+

Top non-repeatable levels by time:
    D:10: 1194 daAuts
     D:8: 1151 daAuts
     D:5: 1129 daAuts
     D:3: 1074 daAuts
     D:1: 949 daAuts
     D:6: 942 daAuts
    D:11: 904 daAuts
     D:2: 876 daAuts
     D:7: 796 daAuts
     D:9: 750 daAuts
     D:4: 699 daAuts
  Bailey: 356 daAuts
  Temple: 26 daAuts
